 Dungeon Crawl Stone Soup version 0.30-a0-694-g3340775977 (webtiles) character file.

Game seed: 9096528300929964446

3016 Rrauwl the Basher (level 9, -10/81 HPs)
             Began as a Troll Monk on Jan 20, 2023.
             Was a High Priest of Okawaru.
             Mangled by a hornet (14 damage)
             ... on level 7 of the Dungeon.
             The game lasted 00:15:29 (5927 turns).

Rrauwl the Basher (Troll Monk)                      Turns: 5927, Time: 00:15:30

Health: -10/81     AC:  9    Str: 23 (24) XL:     9   Next: 55%
Magic:  2/2        EV:  9    Int: 13      God:    Okawaru [*****.]
Gold:   495        SH:  0    Dex:  4 (6)  Spells: 8/8 levels left

rFire   + . .      SeeInvis .    h - +5 quarterstaff of the Extremes {antimagic, rElec rF+ rC+ Int+3 Dex-5}
rCold   + + .      Faith    .    (shield currently unavailable)
rNeg    . . .      Spirit   .    t - +1 robe {rC+}
rPois   .          Reflect  .    (helmet restricted)
rElec   +          Harm     .    (no cloak)
rCorr   .          Rampage  .    (gloves unavailable)
Will    .....                    (boots unavailable)
Stlth   +                        (no amulet)
HPRegen 1.13/turn                n - +4 ring of protection
MPRegen 0.08/turn                (no ring)

@: lethally poisoned (-10 -> -24), slowed, very slow
A: large, unfitting armour, claws 3, regeneration 1, shaggy fur 1, tough skin 1,
clever 1, deterioration 1, wild magic 1
a: Renounce Religion, Heroism, Finesse, Duel


You were on level 7 of the Dungeon.
You worshipped Okawaru.
Okawaru was extremely pleased with you.
You visited 2 branches of the dungeon, and saw 8 of its levels.
You also visited: Sewer and Ossuary.

You collected 495 gold pieces.

Inventory:

Hand Weapons
 a - a +1 mace
 h - the +5 quarterstaff of the Extremes (weapon) {antimagic, rElec rF+ rC+ Int+3 Dex-5}
   (You found it on level 4 of the Dungeon)

   Int:       It affects your intelligence (+3).
   Dex:       It affects your dexterity (-5).
   rF:        It protects you from fire.
   rC:        It protects you from cold.
   rElec:     It insulates you from electricity.
 r - a +0 giant club
Missiles
 x - a large rock (quivered)
Armour
 t - a +1 robe of cold resistance (worn)
Jewellery
 k - a ring of fire
 n - a +4 ring of protection (left claw)
 p - a ring of ice
Wands
 f - a wand of charming (13)
 q - a wand of light (10)
Scrolls
 e - 7 scrolls of identify
 j - 4 scrolls of teleportation
 l - 2 scrolls of fear
 m - 2 scrolls of enchant armour
 u - a scroll of immolation
 w - 2 scrolls of vulnerability
Potions
 b - a potion of might
 c - a potion of ambrosia
 d - 5 potions of brilliance
 g - 7 potions of curing
 i - a potion of haste
 o - 2 potions of invisibility
 s - 2 potions of cancellation
 v - 3 potions of flight


   Skills:
 - Level 3.0 Fighting
 + Level 12.2 Maces & Flails
 - Level 3.0 Dodging
 - Level 1.0 Stealth


You had 8 spell levels left.
You didn't know any spells.
Your spell library contained the following spells:

 Spells                   Type           Power      Damage    Failure   Level
 Slow                     Hex            0%         N/A       38%         1
 Confusing Touch          Hex            0%         N/A       75%         3
 Kindle Blastsparks       Fire/Tloc/Air  0%         2d10      75%         3
 Vampiric Draining        Necr           0%         2d6       75%         3
 Fulminant Prism          Conj/Hex       0%         3d5       98%         4
 Iskenderun's Mystic Bla  Conj/Tloc      0%         2d3       98%         4
 Lee's Rapid Deconstruct  Erth           0%         3d4*      100%        5


Dungeon Overview and Level Annotations

Branches:
Dungeon (7/15)             Temple (1/1) D:4           Sewer (visited)
Ossuary (visited)

Altars:
Ashenzari
Cheibriados
Dithmenos
Elyvilon
Fedhas
Gozag
Hepliaklqana
Kikubaaqudgha
Makhleb
Okawaru
Qazlal
Ru
Trog
Uskayaw
Vehumet
Wu Jian
Xom
Yredelemnul
Zin
The Shining One

Shops:
D:1 :

Annotations:
D:7 1 runed translucent door, Crazy Yiuf


Innate Abilities, Weirdness & Mutations

You are too large for most types of armour.
You have claws for hands.
Your natural rate of healing is unusually fast.
You are covered in fur. (AC +1)
You have tough skin. (AC +1)
Your mind is acute. (Int +4, Str/Dex -1)
Your body sometimes deteriorates upon taking damage.
Your spells are a little harder to cast, but a little more powerful.


Message History

You feel as though you will be slow longer.
An orc comes into view. It is wielding a +0 war axe.
An orc priest comes into view. It is wielding a +0 falchion.
You miss the hornet.
The hornet is heavily wounded.
The orc priest shouts!
The hornet stings you!
Your body deteriorates!
You feel clumsy.
You are poisoned.
You feel as though you will be slow longer.
The orc priest begins to cast a cantrip, but forgets the words!
The hornet stings you.
You feel as though you will be slow longer.
You hit the hornet.
The hornet is severely wounded.
You feel very sick. The hornet stings you.
You are more poisoned.
You feel as though you will be slow longer.
The hornet stings you!
Your body deteriorates!
You feel clumsy.
You are more poisoned.
You feel as though you will be slow longer.
Throw: 2 large rocks
Press: ? - help, Q - select action, (/) - cycle Shift-Dir - straight line, f - orc priest, p - hornet
Aim: an orc priest, wielding a +0 falchion (50% to hit)
You throw a large rock.
The large rock hits the hornet but does no damage.
The hornet is severely wounded.
You feel extremely sick. The hornet stings you!
* * * LOW HITPOINT WARNING * * *
You feel as though you will be slow longer.
The hornet barely misses you.
A wight comes into view. It is wielding a +0 spear.
The hornet stings you!
* * * LOW HITPOINT WARNING * * *
Your body deteriorates!
You feel weakened.
You are more poisoned.
You feel as though you will be slow longer.
The orc priest casts a cantrip, but nothing happens.
The hornet stings you!
You die...

#### #... .... ##...#
##.... ..(#
#....###.#... .....
#...........# .=.#
###...........## ...#
#..............###oo###.
..............##.yo.....
................@##.#
................#...#
....................#
...#............)...#
#....##...............
###....................
.##.....................
..#.....................
.....................


You could see a hornet, 2 orc priests and an orc.

Vanquished Creatures
  The ghost of Dartaoz the Skirmisher, an amateur MiHu (D:4)
  Sigmund (D:6)
  Menkaure (D:5)
  2 sky beasts (D:6)
  An ice beast (D:6)
  A black bear (D:7)
  2 orc warriors
  A centaur (D:5)
  2 ogres
  2 phantoms (D:5)
  2 kobold brigands (Sewer)
  2 bullfrogs
  2 scorpions
  4 wights (D:6)
  2 human zombies (Ossuary)
  4 orc priests
  5 hounds
  A jelly (D:5)
  5 orc wizards
  2 iguanas
  4 mummies (Ossuary)
  11 gnolls
  3 river rats
  12 adders
  3 shadow imps
  A white imp (D:6)
  An ufetubus (D:5)
  2 adder zombies (Ossuary)
  2 worms (D:6)
  A dart slug (D:3)
  The ghost of wpisznazwe the Sneak, a weakling VSDe (D:4)
  26 orcs
  6 ball pythons
  9 endoplasms
  3 giant cockroaches
  A gnoll zombie (Ossuary)
  4 goblins
  4 hobgoblins
  5 jackals
  7 kobolds
  4 quokkas
  9 bats
  2 frilled lizards (D:1)
  2 goblin zombies (Ossuary)
  A hobgoblin zombie (Ossuary)
  A jackal zombie (Ossuary)
  A kobold zombie (Ossuary)
  An orc zombie (Ossuary)
  A quokka zombie (D:6)
  10 rats
  2 rat zombies
183 creatures vanquished.

Notes
Turn   | Place    | Note
-------+----------+-------------------------------------------
     0 | D:1      | Rrauwl the Troll Monk began the quest for the Orb.
     0 | D:1      | Reached XP level 1. HP: 22/22 MP: 0/0
    31 | D:1      | Found Ocride Longo's Vocational Training.
   130 | D:1      | Reached XP level 2. HP: 29/29 MP: 1/1
   395 | D:1      | Reached skill level 3 in Maces & Flails
   711 | D:2      | Reached XP level 3. HP: 24/36 MP: 2/2
   766 | D:2      | Reached XP level 4. HP: 45/45 MP: 3/3
  1223 | D:2      | Reached skill level 4 in Maces & Flails
  1676 | D:3      | Found a hazy altar of Hepliaklqana.
  2116 | D:3      | Gained mutation: Your mind is acute. (Int +4, Str/Dex -1)
                  | [potion of mutation]
  2116 | D:3      | Gained mutation: Your body sometimes deteriorates upon
                  | taking damage. [potion of mutation]
  2116 | D:3      | Gained mutation: Your spells are a little harder to cast,
                  | but a little more powerful. [potion of mutation]
  2337 | D:4      | Found a staircase to the Ecumenical Temple.
  2344 | D:4      | Reached XP level 5. HP: 42/53 MP: 4/4
  2370 | Temple   | Entered the Ecumenical Temple
  2378 | Temple   | Became a worshipper of Warmaster Okawaru
  2378 | Temple   | Reached * piety under Okawaru
  2378 | Temple   | Reached ** piety under Okawaru
  2502 | D:4      | Found a broken altar of Ashenzari.
  2622 | D:4      | Reached skill level 5 in Maces & Flails
  2709 | D:4      | Found an ornate altar of the Wu Jian Council.
  2742 | D:4      | Found a runed translucent gate.
  2742 | D:4      | Found a runed translucent gate.
  2746 | D:4      | Found a runed translucent gate.
  2747 | D:4      | Noticed Dartaoz's ghost (amateur MiHu)
  2747 | D:4      | Noticed wpisznazwe's ghost (weakling VSDe)
  2768 | D:4      | Identified the +5 quarterstaff of the Extremes {antimagic,
                  | rElec rF+ rC+ Int+3 Dex-5}
  3178 | D:4      | Killed wpisznazwe's ghost
  3197 | D:4      | Killed Dartaoz's ghost
  3198 | D:4      | Reached skill level 6 in Maces & Flails
  3198 | D:4      | Reached XP level 6. HP: 36/61 MP: 1/5
  3338 | D:5      | Entered Level 5 of the Dungeon
  3382 | D:5      | Reached XP level 7. HP: 67/67 MP: 2/6
  3418 | D:5      | Found a bloodstained altar of Trog.
  3435 | D:5      | Noticed Menkaure
  3443 | D:5      | Killed Menkaure
  3444 | D:5      | Reached skill level 7 in Maces & Flails
  3512 | D:5      | Reached *** piety under Okawaru
  3646 | D:5      | Reached skill level 8 in Maces & Flails
  3710 | D:5      | Reached XP level 8. HP: 74/75 MP: 2/7
  4036 | D:5      | Found a shadowy altar of Dithmenos.
  4126 | D:6      | Noticed Sigmund
  4129 | D:6      | Reached skill level 9 in Maces & Flails
  4140 | D:6      | Killed Sigmund
  4213 | D:6      | Reached **** piety under Okawaru
  4214 | D:6      | Reached skill level 10 in Maces & Flails
  4252 | D:6      | Found a sand-covered staircase.
  4260 | Ossuary  | Entered an ossuary
  4586 | D:6      | Found a glowing drain.
  4595 | Sewer    | Entered a sewer
  4675 | Sewer    | Reached XP level 9. HP: 46/81 MP: 2/8
  4728 | Sewer    | Found a white marble altar of Elyvilon.
  5262 | D:6      | Reached skill level 11 in Maces & Flails
  5662 | D:7      | Found a runed translucent door.
  5663 | D:7      | Noticed Crazy Yiuf
  5744 | D:7      | Reached skill level 12 in Maces & Flails
  5756 | D:7      | Reached ***** piety under Okawaru
  5920 | D:7      | Paralysed by a hornet for 1 turns
  5927 | D:7      | HP: 4/81 [hornet (11)]
  5927 | D:7      | Mangled by a hornet

Illustrated notes

Levels and vault maps discovered:
D:1:      mainiacjoe_arrival_reflecting_pool, layout_loops_ring,
          nicolae_shop_vocational
D:2:      layout_loops_ring, minmay_misc_feat_enclosed
D:3:      layout_basic, mainiacjoe_overflow_tiny_flanked, bh_walls_and_bars
D:4:      layout_loops_ring, nicolae_overflow_crystal_walls,
          nicolae_ashenzari_skybound, minmay_temple_entry_large_hall,
          gammafunk_ghost_cemetery, grunt_ministairs_1,
          chequers_serial_rivers_large_a
D:5:      layout_loops_ring, grunt_dithmenos_shadows,
          mainiacjoe_overflow_six_doors_small, uniq_menkaure
D:6:      layout_basic, lightli_sewer_entry_pipes, enter_ossuary_4, uniq_sigmund
D:7:      layout_cave_pools, uniq_crazy_yiuf_cottage
Temple:   eino_wide_crystal_templ

Skill      XL: |  1  2  3  4  5  6  7  8  9 |
---------------+----------------------------+-----
Maces & Flails | 3 4 6 8 10 12 | 12.2
Fighting       | 3 |  3.0
Dodging        | 3 |  3.0
Stealth        | |  1.0

Action                   |  1- 3 |  4- 6 |  7- 9 || total
-------------------------+-------+-------+-------++-------
Melee: Mace              |    79 |   102 |       ||   181
       Punch             |       |     2 |       ||     2
       Quarterstaff      |       |    54 |   434 ||   488
Throw: Large rock        |       |       |     3 ||     3
Invok: Heroism           |       |       |     1 ||     1
Evoke: Wand              |       |       |     3 ||     3
  Use: Scroll            |       |    10 |     4 ||    14
       Potion            |       |     6 |     2 ||     8
 Stab: Sleeping          |     5 |     2 |     1 ||     8
Armor: Robe              |    32 |    84 |   219 ||   335
Dodge: Dodged            |    67 |    74 |   222 ||   363

Table legend: (Time is in decaauts)
 A = Elapsed time spent in this place.
 B = Non-inter-level travel time spent in this place.
 C = Inter-level travel time spent in this place.
 D = Time resting spent in this place.
 E = Time spent auto-exploring this place.
 F = Levels seen in this place.
 G = Mean time per level.
                   A        B        C        D        E       F      G
               +--------+--------+--------+--------+--------+-----+--------+
         Total |   5950 |   5780 |    170 |     38 |   4290 |  10 |  595.0 |
       Dungeon |   5455 |   5307 |    148 |     38 |   4021 |   7 |  779.3 |
        Temple |     78 |     56 |     22 |      0 |     40 |   1 |   78.0 |
         Sewer |    178 |    178 |      0 |      0 |    119 |   1 |  178.0 |
       Ossuary |    237 |    237 |      0 |      0 |    110 |   1 |  237.0 |
               +--------+--------+--------+--------+--------+-----+--------+

Top non-repeatable levels by time:
     D:4: 1105 daAuts
     D:6: 942 daAuts
     D:3: 832 daAuts
     D:5: 796 daAuts
     D:1: 695 daAuts
     D:2: 650 daAuts
     D:7: 433 daAuts
 Ossuary: 237 daAuts
   Sewer: 178 daAuts
  Temple: 78 daAuts
